 Dungeon Crawl Stone Soup version 0.29.0-4-gdea44cf6ec (webtiles) character file.

Game seed: 15021112730295800261

69038 qw the Wrestler (level 14, -8/143 HPs)
             Began as a Troll Cinder Acolyte on Aug 30, 2022.
             Was an Initiate of Ignis.
             Mangled by an 11-headed hydra (9 damage)
             ... on level 14 of the Dungeon.
             The game lasted 00:09:50 (17379 turns).

qw the Wrestler (Troll Cinder Acolyte)             Turns: 17379, Time: 00:09:50

Health: -8/143     AC: 12    Str: 27    XL:     14   Next: 88%
Magic:  14/14      EV: 10    Int: 13    God:    Ignis [......]
Gold:   1352       SH:  0    Dex:  8    Spells: 15/15 levels left

rFire   + + +      SeeInvis +     - Unarmed
rCold   + + +      Faith    .   (no shield)
rNeg    . . .      Spirit   .   p - +4 skin of Zhor {*Englaciate rC+++ SInv}
rPois   .          Reflect  .   d - +1 hat
rElec   .          Harm     .   a - +0 cloak
rCorr   .          Rampage  .   (gloves unavailable)
Will    +....                   (boots unavailable)
Stlth   +.........              l - amulet of the acrobat
HPRegen 1.13/turn               m - ring of protection from fire
MPRegen 0.14/turn               o - ring of protection from fire

@: no status effects
A: large, unfitting armour, claws 3, regeneration 1, shaggy fur 1, tough skin 1,
iridescent scales 1, agile 1, clever 1
a: Renounce Religion, Rising Flame


You were on level 14 of the Dungeon.
You worshipped Ignis.
Ignis was noncommittal.
You visited 2 branches of the dungeon, and saw 19 of its levels.

You collected 1352 gold pieces.


Innate Abilities, Weirdness & Mutations

You are too large for most types of armour.
You have claws for hands.
Your natural rate of healing is unusually fast.
You are covered in fur. (AC +1)
You have tough skin. (AC +1)
You are partially covered in iridescent scales. (AC +2)
You are agile. (Dex +4, Str/Int -1)
Your mind is acute. (Int +4, Str/Dex -1)


   Skills:
 - Level 10.0 Fighting
 + Level 8.9 Throwing
 - Level 1.2 Armour
 - Level 4.1 Dodging
 - Level 21.2 Unarmed Combat
 - Level 1.0 Spellcasting
 - Level 2.1 Fire Magic


You had 15 spell levels left.
You didn't know any spells.
Your spell library contained the following spells:

 Spells                   Type           Power      Damage    Failure   Level
 Scorch                   Fire           12%        2d5       17%         2

Inventory:

Missiles
 q - 4 large rocks (quivered)
 u - 3 boomerangs
 w - 3 javelins
Armour
 a - a +0 cloak (worn)
 d - a +1 hat (worn)
 f - +0 swamp dragon scales
 p - the +4 skin of Zhor (worn) {*Englaciate rC+++ SInv}
   (You found it on level 2 of the Lair of Beasts)

   It radiates cold, occasionally slowing all nearby creatures who are not
   resistant to cold.
   rC:        It renders you almost immune to cold.
   SInv:      It lets you see invisible.
Jewellery
 l - an amulet of the acrobat (around neck)
 m - a ring of protection from fire (left claw)
 n - a ring of see invisible
 o - a ring of protection from fire (right claw)
 r - a ring of ice
 t - a ring of resist corrosion
 v - an amulet of guardian spirit
Scrolls
 b - 3 scrolls of identify
 h - a scroll of brand weapon
 j - 2 scrolls of enchant weapon
 x - 2 scrolls of teleportation
Potions
 c - 2 potions of resistance
 e - a potion of haste
 g - 4 potions of might
 i - 3 potions of mutation
 k - 10 potions of curing
 s - a potion of heal wounds

Dungeon Overview and Level Annotations

Branches:
Dungeon (14/15)            Temple (0/1) D:6            Lair (5/5) D:10
 Shoals (0/4) Lair:3        Snake (0/4) Lair:2        Slime (0/5) Lair:4
    Orc (0/2) D:10         Vaults (0/5) D:13

Altars:
Ashenzari
Kikubaaqudgha
Makhleb
Nemelex Xobeh
Sif Muna
Trog
Uskayaw
Vehumet
Wu Jian
Yredelemnul
The Shining One
Jiyva

Portals:
Ice
Cave: D:14

Annotations:
D:13 3 runed translucent doors, OceanMan's ghost, journeyman MiFi
Lair:2 1 runed translucent door, qw's ghost, novice TrCA


Message History

You scratch the eight-headed hydra but do no damage.
The eight-headed hydra is lightly wounded.
The centaur warrior is no longer moving slowly.
The eight-headed hydra completely misses you.
The eight-headed hydra closely misses you.
The eight-headed hydra bites you. x2
The eight-headed hydra closely misses you.
The eight-headed hydra bites you but does no damage.
The eight-headed hydra bites you. The eight-headed hydra bites you!
The centaur warrior shoots an arrow.
The arrow closely misses you.
You rip one of the eight-headed hydra's heads off!
The seven-headed hydra grows two more!
You scratch the nine-headed hydra.
The nine-headed hydra is lightly wounded.
You rip one of the nine-headed hydra's heads off!
The eight-headed hydra grows two more!
You eviscerate the ten-headed hydra!!!
The ten-headed hydra is heavily wounded.
You hear a shout!
The ten-headed hydra bites you! x2; The ten-headed hydra bites you.
The ten-headed hydra bites you but does no damage.
The ten-headed hydra bites you.
The ten-headed hydra bites you but does no damage.
The ten-headed hydra bites you.
The ten-headed hydra bites you but does no damage.
The ten-headed hydra closely misses you.
The ten-headed hydra bites you but does no damage.
You rip one of the ten-headed hydra's heads off!
The nine-headed hydra grows two more!
You scratch the 11-headed hydra.
The 11-headed hydra is moderately wounded.
You radiate an aura of cold.
The centaur warrior resists.
The 11-headed hydra resists.
The slime creature seems to slow down.
The centaur warrior shoots an arrow.
The arrow hits you!
You barely miss the 11-headed hydra.
The 11-headed hydra is moderately wounded.
The centaur warrior shoots an arrow.
The arrow hits you!! The 11-headed hydra bites you.
The 11-headed hydra misses you. The 11-headed hydra barely misses you.
The 11-headed hydra bites you! x3
The 11-headed hydra barely misses you.
The 11-headed hydra bites you but does no damage.
The 11-headed hydra bites you. x2; The 11-headed hydra bites you!
You die...

### ... .# ..# .# #
#.###(#####
#.##.###J.((......
#....c.@..(.#.#.#
.....#.D....#...#
#.#..#...#..#..###.
.......#.#.....^..
.. .#..#.#.\.#...#
..
....#..#.#....####.#
........#........#.#
.##.###............#
... #...>........##


You could see a 11-headed hydra (slow), a slime creature (slow) and a centaur
warrior.

Vanquished Creatures
  Gastronok (Lair:1)
  3 slime creatures
  A hydra (Lair:5)
  3 boulder beetles
  A catoblepas (Lair:5)
  A vault guard (D:13)
  Harold (D:10)
  Fannar (Lair:1)
  2 centaur warriors (D:13)
  3 two-headed ogres
  15 death yaks
  Urug (Lair:4)
  A deep elf pyromancer (D:14)
  4 necromancers (D:13)
  2 manticores
  7 ugly things
  2 cyclopes
  A merfolk siren (Lair:3)
  12 elephants
  5 black mambas
  3 gargoyles
  15 cane toads
  2 torpor snails
  Maggie (Lair:2)
  An unseen horror (D:11)
  6 rime drakes
  8 komodo dragons
  4 trolls
  3 merfolk (Lair:3)
  4 polar bears
  4 hornets
  3 dream sheep (Lair:5)
  14 blink frogs
  12 spriggans (Lair:5)
  A vampire (D:9)
  24 yaks
  3 shadows
  3 wraiths
  20 humans (D:13)
  3 wyverns
  A fire elemental (D:13)
  5 basilisks
  A steam dragon (D:8)
  11 vampire mosquitoes
  5 nagas (Lair:2)
  An acid dragon (D:5)
  10 water moccasins
  3 orc warriors
  A sky beast (D:7)
  4 black bears
  An ice beast (D:6)
  51 wolves
  5 centaurs (D:13)
  4 boggarts (Lair:5)
  A kobold brigand (D:6)
  8 bullfrogs
  A gnoll sergeant (D:12)
  A scorpion (D:7)
  3 wights (D:7)
  An electric eel (Lair:4)
  3 howler monkeys (D:10)
  12 jellies
  An orc priest (D:5)
  2 gnoll boudas
  A hound (D:4)
  Ijyb (D:5)
  2 iguanas
  12 orc wizards
  13 gnolls
  7 adders
  A river rat (D:10)
  A white imp (D:6)
  2 ufetubi
  A worm (D:2)
  4 dart slugs
  27 orcs
  9 ball pythons
  3 bats
  11 endoplasms
  A giant cockroach (D:1)
  7 goblins
  6 hobgoblins
  4 jackals (D:1)
  A quokka (D:5)
  7 frilled lizards
  10 kobolds
  5 rats
473 creatures vanquished.

Vanquished Creatures (others)
  A yak (Lair:5)
  An orc (D:11)
  40 fungi
  44 plants
86 creatures vanquished.

Grand Total: 559 creatures vanquished

Notes
Turn   | Place    | Note
-------+----------+-------------------------------------------
     0 | D:1      | qw the Troll Cinder Acolyte began the quest for the Orb.
     0 | D:1      | Reached XP level 1. HP: 22/22 MP: 1/1
     0 | D:1      | 0 ||| qw: Version: 0.1-a-95-gae9e614
     0 | D:1      | 0 ||| qw: Game counter: 4415
     0 | D:1      | 0 ||| qw: Always use a shield: true
     0 | D:1      | 0 ||| qw: God list: Okawaru
     0 | D:1      | 0 ||| qw: Allow faded altars: false
     0 | D:1      | 0 ||| qw: Do Orc after D:15 true
     0 | D:1      | 0 ||| qw: Do second Lair branch before Depths: true
     0 | D:1      | 0 ||| qw: Lair rune preference: random
     0 | D:1      | 0 ||| qw: Plans: Normal
     0 | D:1      | 0 ||| PLANNING D:1-11
   106 | D:1      | Reached XP level 2. HP: 28/29 MP: 2/2
   319 | D:1      | 319 ||| Stepping ~*~*~tactically~*~*~ (stealth).
   323 | D:1      | Reached skill level 4 in Unarmed Combat
   516 | D:1      | Found a faded altar of an unknown god.
   559 | D:1      | Reached XP level 3. HP: 36/36 MP: 3/3
   619 | D:1      | 619 ||| READING scroll labelled NIANGU YSSO.
   635 | D:1      | 635 ||| READING scroll labelled ETOUL RER POGH.
   646 | D:1      | 646 ||| READING scroll labelled EQOLAO EFRULL.
   647 | D:1      | 647 ||| READING scroll labelled DOPSOFO TENKO.
   653 | D:1      | 653 ||| READING scroll labelled CECWOELAKH.
   658 | D:1      | Found a glowing golden altar of the Shining One.
   662 | D:1      | 662 ||| READING scroll labelled CUENIOBBUOLI.
   665 | D:1      | 665 ||| DRINKING 2 fizzy golden potions.
   759 | D:2      | 759 ||| Stepping ~*~*~tactically~*~*~ (stealth).
   836 | D:2      | 836 ||| Stepping ~*~*~tactically~*~*~ (hiding).
  1067 | D:2      | Reached XP level 4. HP: 33/44 MP: 4/4
  1363 | D:2      | 1363 ||| UPGRADING to +1 hat.
  1368 | D:2      | 1368 ||| READING scroll labelled RUSCHI JENTIJUN.
  1449 | D:3      | Reached skill level 5 in Unarmed Combat
  1555 | D:3      | 1555 ||| Stepping ~*~*~tactically~*~*~ (stealth).
  1564 | D:3      | 1564 ||| DRINKING 2 potions of curing.
  1564 | D:3      | 1564 ||| (to cure confusion)
  1568 | D:3      | 1568 ||| DRINKING potion of curing.
  1568 | D:3      | 1568 ||| (to cure confusion)
  1778 | D:3      | Found a broken altar of Ashenzari.
  2106 | D:3      | 2106 ||| READING scroll labelled REETEPN QAEFAB.
  2107 | D:3      | 2107 ||| READING 2 scrolls of identify.
  2107 | D:3      | 2107 ||| IDENTIFYING sedimented ruby potion
  2186 | D:4      | 2186 ||| INVOKING Fiery Armour.
  2191 | D:4      | Reached XP level 5. HP: 49/50 MP: 5/5
  2196 | D:4      | Reached skill level 6 in Unarmed Combat
  2419 | D:4      | Reached XP level 6. HP: 59/59 MP: 6/6
  2750 | D:4      | Found a shimmering blue altar of Sif Muna.
  2757 | D:4      | 2757 ||| INVOKING Fiery Armour.
  2842 | D:4      | 2842 ||| READING scroll labelled OMIESHR HUNUTS.
  2843 | D:4      | 2843 ||| READING scroll labelled KEAMNUE VUMIT.
  2847 | D:4      | 2847 ||| DRINKING 2 purple potions.
  2848 | D:4      | 2848 ||| DRINKING 2 ruby potions.
  2953 | D:4      | 2953 ||| READING 3 scrolls of identify.
  2953 | D:4      | 2953 ||| IDENTIFYING emerald potion
  2954 | D:4      | 2954 ||| READING 2 scrolls of identify.
  2954 | D:4      | 2954 ||| IDENTIFYING viscous amethyst potion
  2955 | D:4      | 2955 ||| DROPPING potion of flight.
  2956 | D:4      | 2956 ||| DROPPING potion of berserk rage.
  2987 | D:5      | Entered Level 5 of the Dungeon
  2992 | D:5      | Noticed an acid dragon
  2993 | D:5      | 2993 ||| Stepping ~*~*~tactically~*~*~ (hiding).
  3000 | D:5      | Killed an acid dragon
  3001 | D:5      | Reached skill level 7 in Unarmed Combat
  3087 | D:5      | 3087 ||| INVOKING Fiery Armour.
  3237 | D:5      | 3237 ||| Stepping ~*~*~tactically~*~*~ (hiding).
  3373 | D:5      | 3373 ||| Stepping ~*~*~tactically~*~*~ (hiding).
  3374 | D:5      | 3374 ||| Stepping ~*~*~tactically~*~*~ (hiding).
  3381 | D:5      | 3381 ||| INVOKING Fiery Armour.
  3391 | D:5      | Reached skill level 8 in Unarmed Combat
  3394 | D:5      | Reached XP level 7. HP: 48/66 MP: 7/7
  3502 | D:5      | Noticed Ijyb
  3510 | D:5      | Killed Ijyb
  3514 | D:5      | Found a bloodstained altar of Trog.
  3524 | D:5      | Reached skill level 3 in Fighting
  3573 | D:5      | 3573 ||| Stepping ~*~*~tactically~*~*~ (stealth).
  3575 | D:5      | 3575 ||| Stepping ~*~*~tactically~*~*~ (stealth).
  3579 | D:5      | 3579 ||| Stepping ~*~*~tactically~*~*~ (outnumbered).
  3582 | D:5      | 3582 ||| Stepping ~*~*~tactically~*~*~ (outnumbered).
  3583 | D:5      | 3583 ||| Stepping ~*~*~tactically~*~*~ (outnumbered).
  3584 | D:5      | 3584 ||| Stepping ~*~*~tactically~*~*~ (outnumbered).
  3586 | D:5      | 3586 ||| Stepping ~*~*~tactically~*~*~ (outnumbered).
  3589 | D:5      | 3589 ||| INVOKING Fiery Armour.
  3591 | D:5      | 3591 ||| Stepping ~*~*~tactically~*~*~ (outnumbered).
  3703 | D:5      | 3703 ||| UPGRADING to amulet of the acrobat.
  3708 | D:5      | 3708 ||| DRINKING 2 orange potions.
  3709 | D:5      | 3709 ||| DRINKING 2 glowing brown potions.
  3709 | D:5      | Gained mutation: You are partially covered in iridescent
                  | scales. (AC +2) [potion of mutation]
  3709 | D:5      | Gained mutation: You are agile. (Dex +4, Str/Int -1)
                  | [potion of mutation]
  3709 | D:5      | Gained mutation: Your mind is acute. (Int +4, Str/Dex -1)
                  | [potion of mutation]
  3710 | D:5      | 3710 ||| DRINKING 2 blue potions.
  3711 | D:5      | 3711 ||| DROPPING potion of attraction.
  3768 | D:6      | Found a staircase to the Ecumenical Temple.
  3829 | D:6      | 3829 ||| Stepping ~*~*~tactically~*~*~ (stealth).
  3834 | D:6      | 3834 ||| Stepping ~*~*~tactically~*~*~ (stealth).
  3836 | D:6      | 3836 ||| Stepping ~*~*~tactically~*~*~ (stealth).
  3840 | D:6      | Reached skill level 1 in Dodging
  3865 | D:6      | 3865 ||| Stepping ~*~*~tactically~*~*~ (outnumbered).
  3866 | D:6      | 3866 ||| Stepping ~*~*~tactically~*~*~ (outnumbered).
  3871 | D:6      | Reached XP level 8. HP: 53/75 MP: 8/8
  3920 | D:6      | Reached skill level 9 in Unarmed Combat
  4097 | D:6      | Found an ancient bone altar of Kikubaaqudgha.
  4229 | D:6      | 4229 ||| DRINKING 2 viscous golden potions.
  4230 | D:6      | 4230 ||| DROPPING potion of brilliance.
  4295 | D:6      | 4295 ||| Stepping randomly (stuck).
  4395 | D:7      | You fall into a shaft and drop 1 floor!
  4479 | D:8      | Reached skill level 10 in Unarmed Combat
  4524 | D:8      | 4524 ||| Stepping ~*~*~tactically~*~*~ (stealth).
  4528 | D:8      | 4528 ||| Stepping ~*~*~tactically~*~*~ (stealth).
  4529 | D:8      | 4529 ||| Stepping ~*~*~tactically~*~*~ (stealth).
  4531 | D:8      | 4531 ||| Stepping ~*~*~tactically~*~*~ (stealth).
  4634 | D:8      | Found a radiant altar of Vehumet.
  4710 | D:8      | 4710 ||| Stepping ~*~*~tactically~*~*~ (stealth).
  4711 | D:8      | 4711 ||| Stepping ~*~*~tactically~*~*~ (stealth).
  4712 | D:8      | 4712 ||| Stepping ~*~*~tactically~*~*~ (stealth).
  4718 | D:8      | 4718 ||| Stepping ~*~*~tactically~*~*~ (stealth).
  4719 | D:8      | 4719 ||| Stepping ~*~*~tactically~*~*~ (stealth).
  4724 | D:8      | 4724 ||| Stepping ~*~*~tactically~*~*~ (outnumbered).
  4725 | D:8      | 4725 ||| Stepping ~*~*~tactically~*~*~ (outnumbered).
  4726 | D:8      | 4726 ||| Stepping ~*~*~tactically~*~*~ (outnumbered).
  4727 | D:8      | 4727 ||| Stepping ~*~*~tactically~*~*~ (outnumbered).
  4728 | D:8      | 4728 ||| Stepping ~*~*~tactically~*~*~ (outnumbered).
  4729 | D:8      | 4729 ||| Stepping ~*~*~tactically~*~*~ (outnumbered).
  4730 | D:8      | 4730 ||| Stepping ~*~*~tactically~*~*~ (outnumbered).
  4789 | D:8      | 4789 ||| INVOKING Fiery Armour.
  4801 | D:8      | 4801 ||| Stepping ~*~*~tactically~*~*~ (outnumbered).
  4938 | D:8      | 4938 ||| READING scroll labelled MUHODOWAQI.
  4939 | D:8      | 4939 ||| DRINKING 2 glowing blue potions.
  4940 | D:8      | 4940 ||| READING 3 scrolls of identify.
  4940 | D:8      | 4940 ||| IDENTIFYING fizzy sapphire potion
  4941 | D:8      | 4941 ||| READING 2 scrolls of identify.
  4941 | D:8      | 4941 ||| IDENTIFYING green potion
  4942 | D:8      | 4942 ||| DROPPING potion of degeneration.
  4943 | D:8      | 4943 ||| DROPPING potion of lignification.
  5243 | D:7      | Found a burning altar of Makhleb.
  5249 | D:7      | Found a basalt altar of Yredelemnul.
  5254 | D:7      | Found a hide-covered altar of Uskayaw.
  5352 | D:7      | Reached skill level 1 in Throwing
  5378 | D:7      | 5378 ||| Stepping ~*~*~tactically~*~*~ (stealth).
  5385 | D:7      | Reached XP level 9. HP: 84/84 MP: 9/9
  5411 | D:7      | Reached skill level 11 in Unarmed Combat
  5411 | D:7      | 5411 ||| Stepping ~*~*~tactically~*~*~ (stealth).
  5597 | D:7      | 5597 ||| READING 2 scrolls labelled BASANOPI ALUDINAV.
  5598 | D:7      | 5598 ||| DROPPING scroll of blinking.
  5623 | D:6      | 5623 ||| Stepping randomly (stuck).
  5657 | D:6      | 5657 ||| Stepping randomly (stuck).
  6012 | D:8      | 6012 ||| READING 2 scrolls of identify.
  6012 | D:8      | 6012 ||| IDENTIFYING dark potion
  6013 | D:8      | 6013 ||| DROPPING potion of magic.
  6259 | D:9      | 6259 ||| Stepping ~*~*~tactically~*~*~ (hiding).
  6261 | D:9      | 6261 ||| Stepping ~*~*~tactically~*~*~ (hiding).
  6262 | D:9      | 6262 ||| Stepping ~*~*~tactically~*~*~ (hiding).
  6522 | D:9      | Reached skill level 12 in Unarmed Combat
  6785 | D:9      | 6785 ||| READING scroll labelled HATUORPH BOAF.
  6789 | D:10     | Entered Level 10 of the Dungeon
  6797 | D:10     | Noticed a troll
  6805 | D:10     | Killed a troll
  6869 | D:10     | Noticed a troll
  6870 | D:10     | 6870 ||| Stepping ~*~*~tactically~*~*~ (stealth).
  6900 | D:10     | 6900 ||| Stepping ~*~*~tactically~*~*~ (stealth).
  6905 | D:10     | 6905 ||| Stepping ~*~*~tactically~*~*~ (stealth).
  6906 | D:10     | 6906 ||| Stepping ~*~*~tactically~*~*~ (stealth).
  6908 | D:10     | 6908 ||| Stepping ~*~*~tactically~*~*~ (stealth).
  6913 | D:10     | 6913 ||| Stepping ~*~*~tactically~*~*~ (stealth).
  6921 | D:10     | 6921 ||| Stepping ~*~*~tactically~*~*~ (outnumbered).
  6938 | D:10     | Noticed a death yak
  6939 | D:10     | 6939 ||| INVOKING Fiery Armour.
  6940 | D:10     | Noticed a death yak
  6942 | D:10     | Noticed a death yak
  6943 | D:10     | 6943 ||| Stepping ~*~*~tactically~*~*~ (stealth).
  6946 | D:10     | 6946 ||| Stepping ~*~*~tactically~*~*~ (stealth).
  6950 | D:10     | 6950 ||| Stepping ~*~*~tactically~*~*~ (outnumbered).
  6951 | D:10     | Killed a death yak
  6952 | D:10     | Reached skill level 13 in Unarmed Combat
  6952 | D:10     | Reached XP level 10. HP: 66/96 MP: 10/10
  6955 | D:10     | Killed a death yak
  6964 | D:10     | Killed a death yak
  6965 | D:10     | Reached skill level 14 in Unarmed Combat
  6993 | D:10     | 6993 ||| Stepping ~*~*~tactically~*~*~ (stealth).
  6999 | D:10     | Found a staircase to the Lair.
  7064 | D:10     | 7064 ||| INVOKING Fiery Armour.
  7065 | D:10     | 7065 ||| Stepping ~*~*~tactically~*~*~ (outnumbered).
  7067 | D:10     | 7067 ||| Stepping ~*~*~tactically~*~*~ (outnumbered).
  7071 | D:10     | 7071 ||| Stepping ~*~*~tactically~*~*~ (outnumbered).
  7072 | D:10     | 7072 ||| Stepping ~*~*~tactically~*~*~ (outnumbered).
  7073 | D:10     | 7073 ||| Stepping ~*~*~tactically~*~*~ (outnumbered).
  7074 | D:10     | 7074 ||| Stepping ~*~*~tactically~*~*~ (outnumbered).
  7078 | D:10     | 7078 ||| Stepping ~*~*~tactically~*~*~ (outnumbered).
  7079 | D:10     | 7079 ||| Stepping ~*~*~tactically~*~*~ (outnumbered).
  7080 | D:10     | 7080 ||| Stepping ~*~*~tactically~*~*~ (outnumbered).
  7081 | D:10     | 7081 ||| Stepping ~*~*~tactically~*~*~ (outnumbered).
  7082 | D:10     | 7082 ||| Stepping ~*~*~tactically~*~*~ (outnumbered).
  7083 | D:10     | 7083 ||| Stepping ~*~*~tactically~*~*~ (outnumbered).
  7085 | D:10     | 7085 ||| Stepping ~*~*~tactically~*~*~ (outnumbered).
  7086 | D:10     | 7086 ||| Stepping ~*~*~tactically~*~*~ (outnumbered).
  7095 | D:10     | Reached skill level 6 in Fighting
  7310 | D:10     | Noticed a gargoyle
  7317 | D:10     | Killed a gargoyle
  7374 | D:10     | Reached skill level 3 in Throwing
  7433 | D:10     | Found a sparkling altar of Nemelex Xobeh.
  7446 | D:10     | Noticed Harold
  7457 | D:10     | Killed Harold
  7621 | D:10     | Found a staircase to the Orcish Mines.
  7706 | D:10     | 7706 ||| PLANNING LAIR
  7727 | Lair:1   | Entered Level 1 of the Lair of Beasts
  7733 | Lair:1   | Reached skill level 15 in Unarmed Combat
  7733 | Lair:1   | Reached XP level 11. HP: 70/105 MP: 11/11
  7736 | Lair:1   | 7736 ||| Stepping ~*~*~tactically~*~*~ (outnumbered).
  7740 | Lair:1   | 7740 ||| INVOKING Fiery Armour.
  7891 | Lair:1   | 7891 ||| Stepping ~*~*~tactically~*~*~ (outnumbered).
  7893 | Lair:1   | 7893 ||| INVOKING Fiery Armour.
  7927 | Lair:1   | Identified the +1 scale mail "Vetz" {rPois Int-3 SInv}
  7968 | Lair:1   | Noticed Fannar
  7975 | Lair:1   | 7975 ||| Stepping ~*~*~tactically~*~*~ (outnumbered).
  7984 | Lair:1   | Killed Fannar
  8317 | Lair:1   | Reached skill level 16 in Unarmed Combat
  8642 | Lair:1   | 8642 ||| Stepping ~*~*~tactically~*~*~ (hiding).
  8643 | Lair:1   | 8643 ||| Stepping ~*~*~tactically~*~*~ (hiding).
  8650 | Lair:1   | 8650 ||| DRINKING potion of cancellation.
  8660 | Lair:1   | Noticed Gastronok
  8661 | Lair:1   | 8661 ||| Stepping ~*~*~tactically~*~*~ (hiding).
  8677 | Lair:1   | Killed Gastronok
  8805 | Lair:1   | Reached skill level 3 in Dodging
  8877 | Lair:1   | 8877 ||| UPGRADING to +2 robe of cold resistance.
  8887 | Lair:1   | 8887 ||| DROPPING +0 robe.
  8888 | Lair:1   | 8888 ||| READING 2 scrolls of identify.
  8888 | Lair:1   | 8888 ||| IDENTIFYING murky green potion
  8889 | Lair:1   | 8889 ||| DROPPING potion of ambrosia.
  8925 | Lair:2   | Found the +4 skin of Zhor {*Englaciate rC+++ SInv}
  9056 | Lair:2   | 9056 ||| Stepping ~*~*~tactically~*~*~ (hiding).
  9058 | Lair:2   | 9058 ||| Stepping ~*~*~tactically~*~*~ (hiding).
  9080 | Lair:2   | 9080 ||| Stepping ~*~*~tactically~*~*~ (hiding).
  9089 | Lair:2   | 9089 ||| Stepping ~*~*~tactically~*~*~ (outnumbered).
  9128 | Lair:2   | Found a staircase to the Snake Pit.
  9137 | Lair:2   | 9137 ||| Stepping ~*~*~tactically~*~*~ (hiding).
  9138 | Lair:2   | 9138 ||| Stepping ~*~*~tactically~*~*~ (hiding).
  9286 | Lair:2   | Found a runed translucent door.
  9286 | Lair:2   | Noticed qw's ghost (novice TrCA)
  9292 | Lair:2   | Noticed Maggie
  9293 | Lair:2   | 9293 ||| Stepping ~*~*~tactically~*~*~ (hiding).
  9294 | Lair:2   | 9294 ||| Stepping ~*~*~tactically~*~*~ (hiding).
  9296 | Lair:2   | 9296 ||| INVOKING Fiery Armour.
  9307 | Lair:2   | Killed Maggie
  9399 | Lair:2   | 9399 ||| Stepping ~*~*~tactically~*~*~ (outnumbered).
  9446 | Lair:2   | Reached XP level 12. HP: 94/118 MP: 12/12
  9454 | Lair:2   | Reached skill level 17 in Unarmed Combat
  9818 | Lair:2   | 9818 ||| UPGRADING to +0 cloak.
  9823 | Lair:2   | 9823 ||| UPGRADING to +0 swamp dragon scales.
  9833 | Lair:2   | 9833 ||| UPGRADING to +4 skin of Zhor {*Englaciate rC+++
                  | SInv}.
  9843 | Lair:2   | 9843 ||| DROPPING +2 robe of cold resistance.
  9858 | Lair:3   | 9858 ||| STAIRDANCE
  9865 | Lair:2   | 9865 ||| FLEEEEING.
  9866 | Lair:2   | 9866 ||| FLEEEEING.
  9867 | Lair:2   | 9867 ||| FLEEEEING.
  9921 | Lair:3   | 9921 ||| STAIRDANCE
  9924 | Lair:2   | Reached skill level 1 in Armour
  9962 | Lair:3   | 9962 ||| STAIRDANCE
  9974 | Lair:2   | 9974 ||| FLEEEEING.
  9975 | Lair:2   | 9975 ||| FLEEEEING.
  9976 | Lair:2   | 9976 ||| INVOKING Fiery Armour.
  9981 | Lair:2   | 9981 ||| FLEEEEING.
  9982 | Lair:2   | 9982 ||| FLEEEEING.
  9983 | Lair:2   | 9983 ||| FLEEEEING.
  9984 | Lair:2   | 9984 ||| FLEEEEING.
 10042 | Lair:3   | 10042 ||| STAIRDANCE
 10044 | Lair:2   | 10044 ||| Stepping ~*~*~tactically~*~*~ (outnumbered).
 10045 | Lair:2   | 10045 ||| Stepping ~*~*~tactically~*~*~ (outnumbered).
 10086 | Lair:3   | 10086 ||| STAIRDANCE
 10219 | Lair:3   | 10219 ||| Stepping ~*~*~tactically~*~*~ (hiding).
 10334 | Lair:3   | 10334 ||| Stepping ~*~*~tactically~*~*~ (stealth).
 10336 | Lair:3   | 10336 ||| Stepping ~*~*~tactically~*~*~ (stealth).
 10352 | Lair:3   | 10352 ||| Stepping ~*~*~tactically~*~*~ (stealth).
 10405 | Lair:3   | 10405 ||| Stepping ~*~*~tactically~*~*~ (outnumbered).
 10409 | Lair:3   | 10409 ||| Stepping ~*~*~tactically~*~*~ (outnumbered).
 10411 | Lair:3   | 10411 ||| Stepping ~*~*~tactically~*~*~ (outnumbered).
 10412 | Lair:3   | 10412 ||| Stepping ~*~*~tactically~*~*~ (outnumbered).
 10414 | Lair:3   | 10414 ||| Stepping ~*~*~tactically~*~*~ (outnumbered).
 10539 | Lair:3   | Reached skill level 18 in Unarmed Combat
 10600 | Lair:3   | 10600 ||| Stepping ~*~*~tactically~*~*~ (stealth).
 10602 | Lair:3   | 10602 ||| Stepping ~*~*~tactically~*~*~ (stealth).
 10605 | Lair:3   | 10605 ||| Stepping ~*~*~tactically~*~*~ (outnumbered).
 10608 | Lair:3   | 10608 ||| Stepping ~*~*~tactically~*~*~ (outnumbered).
 10632 | Lair:3   | HP: 23/119 [elephant (10)]
 10633 | Lair:3   | 10633 ||| READING scroll of teleportation.
 10634 | Lair:3   | 10634 ||| DRINKING potion of heal wounds.
 10649 | Lair:3   | 10649 ||| Stepping ~*~*~tactically~*~*~ (stealth).
 10706 | Lair:3   | 10706 ||| Stepping ~*~*~tactically~*~*~ (hiding).
 10804 | Lair:3   | Found a staircase to the Shoals.
 11166 | Lair:3   | 11166 ||| UPGRADING to ring of protection from fire.
 11167 | Lair:3   | 11167 ||| READING scroll labelled WIUMPO ZENYQIO.
 11326 | Lair:4   | Noticed a boulder beetle
 11331 | Lair:4   | 11331 ||| Stepping ~*~*~tactically~*~*~ (outnumbered).
 11344 | Lair:4   | Killed a boulder beetle
 11430 | Lair:4   | Noticed a death yak
 11430 | Lair:4   | Noticed a death yak
 11430 | Lair:4   | Noticed a death yak
 11432 | Lair:4   | 11432 ||| Stepping ~*~*~tactically~*~*~ (stealth).
 11438 | Lair:4   | Killed a death yak
 11439 | Lair:4   | Noticed a death yak
 11442 | Lair:4   | 11442 ||| Stepping ~*~*~tactically~*~*~ (outnumbered).
 11443 | Lair:4   | 11443 ||| Stepping ~*~*~tactically~*~*~ (outnumbered).
 11444 | Lair:4   | Killed a death yak
 11448 | Lair:4   | Killed a death yak
 11449 | Lair:4   | Reached XP level 13. HP: 82/127 MP: 13/13
 11449 | Lair:4   | 11449 ||| FLEEEEING.
 11450 | Lair:4   | 11450 ||| FLEEEEING.
 11451 | Lair:4   | 11451 ||| FLEEEEING.
 11452 | Lair:4   | 11452 ||| FLEEEEING.
 11453 | Lair:4   | 11453 ||| FLEEEEING.
 11454 | Lair:4   | 11454 ||| FLEEEEING.
 11455 | Lair:4   | 11455 ||| FLEEEEING.
 11456 | Lair:4   | 11456 ||| FLEEEEING.
 11461 | Lair:4   | 11461 ||| FLEEEEING.
 11462 | Lair:4   | 11462 ||| FLEEEEING.
 11463 | Lair:4   | 11463 ||| FLEEEEING.
 11466 | Lair:4   | 11466 ||| FLEEEEING.
 11467 | Lair:4   | 11467 ||| FLEEEEING.
 11469 | Lair:4   | 11469 ||| Stepping ~*~*~tactically~*~*~ (stealth).
 11484 | Lair:4   | 11484 ||| Stepping ~*~*~tactically~*~*~ (outnumbered).
 11488 | Lair:4   | Reached skill level 19 in Unarmed Combat
 11488 | Lair:4   | 11488 ||| Stepping ~*~*~tactically~*~*~ (outnumbered).
 11489 | Lair:4   | 11489 ||| Stepping ~*~*~tactically~*~*~ (outnumbered).
 11493 | Lair:4   | 11493 ||| Stepping ~*~*~tactically~*~*~ (outnumbered).
 11495 | Lair:4   | 11495 ||| Stepping ~*~*~tactically~*~*~ (outnumbered).
 11543 | Lair:4   | 11543 ||| Stepping ~*~*~tactically~*~*~ (stealth).
 11635 | Lair:4   | 11635 ||| Stepping ~*~*~tactically~*~*~ (hiding).
 11841 | Lair:4   | Found a viscous altar of Jiyva.
 11842 | Lair:4   | Found a staircase to the Slime Pits.
 11856 | Lair:4   | Identified the +8 chain mail of the Land of Plenty {Int+4
                  | Dex+2}
 12011 | Lair:4   | 12011 ||| Stepping ~*~*~tactically~*~*~ (stealth).
 12037 | Lair:4   | 12037 ||| Stepping ~*~*~tactically~*~*~ (stealth).
 12039 | Lair:4   | 12039 ||| Stepping ~*~*~tactically~*~*~ (stealth).
 12255 | Lair:4   | Noticed Urug
 12267 | Lair:4   | 12267 ||| Stepping ~*~*~tactically~*~*~ (outnumbered).
 12276 | Lair:4   | Killed Urug
 12278 | Lair:4   | 12278 ||| FLEEEEING.
 12279 | Lair:4   | 12279 ||| FLEEEEING.
 12553 | Lair:4   | 12553 ||| DROPPING ring of wizardry.
 12554 | Lair:4   | 12554 ||| UPGRADING to ring of protection from fire.
 12568 | Lair:5   | Entered Level 5 of the Lair of Beasts
 12605 | Lair:5   | 12605 ||| Stepping ~*~*~tactically~*~*~ (stealth).
 12612 | Lair:5   | Reached skill level 9 in Fighting
 12612 | Lair:5   | 12612 ||| Stepping ~*~*~tactically~*~*~ (outnumbered).
 12625 | Lair:5   | 12625 ||| FLEEEEING.
 12626 | Lair:5   | 12626 ||| Stepping ~*~*~tactically~*~*~ (stealth).
 12637 | Lair:5   | 12637 ||| FLEEEEING.
 12656 | Lair:5   | 12656 ||| Stepping ~*~*~tactically~*~*~ (stealth).
 12659 | Lair:5   | 12659 ||| Stepping ~*~*~tactically~*~*~ (stealth).
 12674 | Lair:5   | 12674 ||| Stepping ~*~*~tactically~*~*~ (stealth).
 12688 | Lair:5   | 12688 ||| Stepping ~*~*~tactically~*~*~ (stealth).
 12689 | Lair:5   | 12689 ||| Stepping ~*~*~tactically~*~*~ (stealth).
 12708 | Lair:5   | 12708 ||| Stepping ~*~*~tactically~*~*~ (stealth).
 12715 | Lair:5   | 12715 ||| Stepping ~*~*~tactically~*~*~ (stealth).
 12776 | Lair:5   | 12776 ||| Stepping ~*~*~tactically~*~*~ (stealth).
 12786 | Lair:5   | 12786 ||| Stepping ~*~*~tactically~*~*~ (stealth).
 12796 | Lair:5   | 12796 ||| Stepping ~*~*~tactically~*~*~ (hiding).
 12797 | Lair:5   | 12797 ||| Stepping ~*~*~tactically~*~*~ (hiding).
 12801 | Lair:5   | 12801 ||| Stepping ~*~*~tactically~*~*~ (outnumbered).
 12860 | Lair:5   | 12860 ||| Stepping ~*~*~tactically~*~*~ (stealth).
 12864 | Lair:5   | 12864 ||| Stepping ~*~*~tactically~*~*~ (outnumbered).
 12917 | Lair:5   | 12917 ||| Stepping ~*~*~tactically~*~*~ (stealth).
 13060 | Lair:5   | 13060 ||| FLEEEEING.
 13069 | Lair:5   | Reached skill level 20 in Unarmed Combat
 13072 | Lair:5   | 13072 ||| Stepping ~*~*~tactically~*~*~ (outnumbered).
 13090 | Lair:5   | 13090 ||| Stepping ~*~*~tactically~*~*~ (hiding).
 13095 | Lair:5   | 13095 ||| Stepping ~*~*~tactically~*~*~ (cloud).
 13096 | Lair:5   | 13096 ||| FLEEEEING.
 13097 | Lair:5   | 13097 ||| FLEEEEING.
 13099 | Lair:5   | 13099 ||| Stepping ~*~*~tactically~*~*~ (cloud).
 13103 | Lair:5   | 13103 ||| Stepping ~*~*~tactically~*~*~ (cloud).
 13104 | Lair:5   | 13104 ||| Stepping ~*~*~tactically~*~*~ (cloud).
 13105 | Lair:5   | 13105 ||| Stepping ~*~*~tactically~*~*~ (cloud).
 13108 | Lair:5   | 13108 ||| Stepping ~*~*~tactically~*~*~ (cloud).
 13110 | Lair:5   | 13110 ||| Stepping ~*~*~tactically~*~*~ (cloud).
 13117 | Lair:5   | 13117 ||| FLEEEEING.
 13118 | Lair:5   | 13118 ||| FLEEEEING.
 13119 | Lair:5   | 13119 ||| FLEEEEING.
 13120 | Lair:5   | 13120 ||| FLEEEEING.
 13121 | Lair:5   | 13121 ||| FLEEEEING.
 13122 | Lair:5   | 13122 ||| FLEEEEING.
 13123 | Lair:5   | 13123 ||| FLEEEEING.
 13124 | Lair:5   | 13124 ||| FLEEEEING.
 13126 | Lair:5   | 13126 ||| FLEEEEING.
 13127 | Lair:5   | 13127 ||| FLEEEEING.
 13128 | Lair:5   | 13128 ||| FLEEEEING.
 13129 | Lair:5   | 13129 ||| FLEEEEING.
 13130 | Lair:5   | 13130 ||| STAIRDANCE
 13203 | Lair:5   | 13203 ||| STAIRDANCE
 13205 | Lair:4   | 13205 ||| Stepping ~*~*~tactically~*~*~ (outnumbered).
 13206 | Lair:4   | 13206 ||| Stepping ~*~*~tactically~*~*~ (outnumbered).
 13208 | Lair:4   | 13208 ||| Stepping ~*~*~tactically~*~*~ (outnumbered).
 13209 | Lair:4   | 13209 ||| Stepping ~*~*~tactically~*~*~ (outnumbered).
 13211 | Lair:4   | 13211 ||| Stepping ~*~*~tactically~*~*~ (outnumbered).
 13212 | Lair:4   | 13212 ||| Stepping ~*~*~tactically~*~*~ (outnumbered).
 13245 | Lair:5   | 13245 ||| Stepping ~*~*~tactically~*~*~ (outnumbered).
 13246 | Lair:5   | 13246 ||| Stepping ~*~*~tactically~*~*~ (outnumbered).
 13248 | Lair:5   | 13248 ||| Stepping ~*~*~tactically~*~*~ (outnumbered).
 13249 | Lair:5   | 13249 ||| Stepping ~*~*~tactically~*~*~ (outnumbered).
 13250 | Lair:5   | 13250 ||| Stepping ~*~*~tactically~*~*~ (outnumbered).
 13251 | Lair:5   | 13251 ||| Stepping ~*~*~tactically~*~*~ (outnumbered).
 13252 | Lair:5   | 13252 ||| Stepping ~*~*~tactically~*~*~ (outnumbered).
 13254 | Lair:5   | 13254 ||| Stepping ~*~*~tactically~*~*~ (outnumbered).
 13255 | Lair:5   | 13255 ||| Stepping ~*~*~tactically~*~*~ (outnumbered).
 13266 | Lair:5   | HP: 31/131 [elephant (2)]
 13321 | Lair:5   | 13321 ||| Stepping ~*~*~tactically~*~*~ (stealth).
 13512 | Lair:5   | Reached XP level 14. HP: 140/140 MP: 14/14
 13602 | Lair:5   | 13602 ||| Stepping ~*~*~tactically~*~*~ (stealth).
 13714 | Lair:5   | 13714 ||| Stepping ~*~*~tactically~*~*~ (stealth).
 13727 | Lair:5   | 13727 ||| Stepping ~*~*~tactically~*~*~ (outnumbered).
 13729 | Lair:5   | 13729 ||| Stepping ~*~*~tactically~*~*~ (outnumbered).
 13730 | Lair:5   | 13730 ||| Stepping ~*~*~tactically~*~*~ (outnumbered).
 13822 | Lair:5   | 13822 ||| Stepping ~*~*~tactically~*~*~ (outnumbered).
 13841 | Lair:5   | Reached skill level 21 in Unarmed Combat
 14139 | Lair:5   | 14139 ||| PLANNING D:1-11
 14139 | Lair:5   | 14139 ||| READING scroll labelled DOGYKUE NETTO.
 14140 | Lair:5   | 14140 ||| READING 2 scrolls labelled KONNEA SODDETUONI.
 14141 | Lair:5   | 14141 ||| DROPPING scroll of summoning.
 14316 | D:11     | 14316 ||| Stepping ~*~*~tactically~*~*~ (hiding).
 14319 | D:11     | 14319 ||| Stepping ~*~*~tactically~*~*~ (hiding).
 14434 | D:11     | 14434 ||| Stepping ~*~*~tactically~*~*~ (hiding).
 14528 | D:11     | Reached skill level 6 in Throwing
 15226 | D:11     | 15226 ||| PLANNING D
 15256 | D:12     | 15256 ||| Stepping ~*~*~tactically~*~*~ (outnumbered).
 15257 | D:12     | 15257 ||| Stepping ~*~*~tactically~*~*~ (outnumbered).
 15259 | D:12     | 15259 ||| Stepping ~*~*~tactically~*~*~ (outnumbered).
 15261 | D:12     | 15261 ||| Stepping ~*~*~tactically~*~*~ (outnumbered).
 15262 | D:12     | 15262 ||| Stepping ~*~*~tactically~*~*~ (outnumbered).
 15263 | D:12     | 15263 ||| Stepping ~*~*~tactically~*~*~ (outnumbered).
 15264 | D:12     | 15264 ||| STAIRDANCE
 15290 | D:12     | 15290 ||| Stepping ~*~*~tactically~*~*~ (hiding).
 15393 | D:12     | 15393 ||| Stepping ~*~*~tactically~*~*~ (stealth).
 15565 | D:12     | 15565 ||| Stepping ~*~*~tactically~*~*~ (hiding).
 15762 | D:12     | 15762 ||| Stepping ~*~*~tactically~*~*~ (stealth).
 15766 | D:12     | 15766 ||| Stepping ~*~*~tactically~*~*~ (stealth).
 15848 | D:12     | 15848 ||| FLEEEEING.
 15967 | D:12     | Found an ornate altar of the Wu Jian Council.
 16142 | D:13     | Noticed OceanMan's ghost (journeyman MiFi)
 16145 | D:13     | Found a runed translucent gate.
 16145 | D:13     | Found a runed translucent gate.
 16146 | D:13     | Found a runed translucent gate.
 16289 | D:13     | 16289 ||| Stepping ~*~*~tactically~*~*~ (stealth).
 16291 | D:13     | 16291 ||| Stepping ~*~*~tactically~*~*~ (hiding).
 16334 | D:13     | 16334 ||| FLEEEEING.
 16335 | D:13     | 16335 ||| FLEEEEING.
 16413 | D:13     | 16413 ||| Stepping ~*~*~tactically~*~*~ (outnumbered).
 16414 | D:13     | 16414 ||| Stepping ~*~*~tactically~*~*~ (outnumbered).
 16415 | D:13     | 16415 ||| Stepping ~*~*~tactically~*~*~ (outnumbered).
 16417 | D:13     | 16417 ||| Stepping ~*~*~tactically~*~*~ (outnumbered).
 16419 | D:13     | 16419 ||| Stepping ~*~*~tactically~*~*~ (outnumbered).
 16420 | D:13     | 16420 ||| Stepping ~*~*~tactically~*~*~ (outnumbered).
 16421 | D:13     | 16421 ||| Stepping ~*~*~tactically~*~*~ (outnumbered).
 16422 | D:13     | 16422 ||| Stepping ~*~*~tactically~*~*~ (outnumbered).
 16423 | D:13     | 16423 ||| Stepping ~*~*~tactically~*~*~ (outnumbered).
 16424 | D:13     | 16424 ||| Stepping ~*~*~tactically~*~*~ (outnumbered).
 16425 | D:13     | 16425 ||| Stepping ~*~*~tactically~*~*~ (outnumbered).
 16426 | D:13     | 16426 ||| Stepping ~*~*~tactically~*~*~ (outnumbered).
 16427 | D:13     | 16427 ||| Stepping ~*~*~tactically~*~*~ (outnumbered).
 16428 | D:13     | 16428 ||| Stepping ~*~*~tactically~*~*~ (outnumbered).
 16429 | D:13     | 16429 ||| Stepping ~*~*~tactically~*~*~ (stealth).
 16432 | D:13     | 16432 ||| Stepping ~*~*~tactically~*~*~ (stealth).
 16433 | D:13     | 16433 ||| Stepping ~*~*~tactically~*~*~ (stealth).
 16435 | D:13     | 16435 ||| Stepping ~*~*~tactically~*~*~ (outnumbered).
 16436 | D:13     | 16436 ||| Stepping ~*~*~tactically~*~*~ (outnumbered).
 16437 | D:13     | 16437 ||| Stepping ~*~*~tactically~*~*~ (outnumbered).
 16438 | D:13     | 16438 ||| Stepping ~*~*~tactically~*~*~ (outnumbered).
 16439 | D:13     | 16439 ||| Stepping ~*~*~tactically~*~*~ (outnumbered).
 16440 | D:13     | 16440 ||| Stepping ~*~*~tactically~*~*~ (outnumbered).
 16442 | D:13     | 16442 ||| Stepping ~*~*~tactically~*~*~ (outnumbered).
 16444 | D:13     | 16444 ||| Stepping ~*~*~tactically~*~*~ (outnumbered).
 16445 | D:13     | 16445 ||| Stepping ~*~*~tactically~*~*~ (hiding).
 16450 | D:13     | 16450 ||| Stepping ~*~*~tactically~*~*~ (outnumbered).
 16452 | D:13     | 16452 ||| Stepping ~*~*~tactically~*~*~ (outnumbered).
 16458 | D:13     | 16458 ||| Stepping ~*~*~tactically~*~*~ (outnumbered).
 16460 | D:13     | 16460 ||| Stepping ~*~*~tactically~*~*~ (outnumbered).
 16462 | D:13     | 16462 ||| Stepping ~*~*~tactically~*~*~ (outnumbered).
 16864 | D:13     | 16864 ||| Stepping ~*~*~tactically~*~*~ (outnumbered).
 16866 | D:13     | 16866 ||| Stepping ~*~*~tactically~*~*~ (outnumbered).
 16934 | D:13     | Identified the +5 robe of Beauty {Str-2 Int+2 Stlth+}
 16942 | D:13     | 16942 ||| Stepping ~*~*~tactically~*~*~ (outnumbered).
 16983 | D:13     | Found a gate to the Vaults.
 16985 | D:13     | 16985 ||| Stepping ~*~*~tactically~*~*~ (outnumbered).
 16986 | D:13     | 16986 ||| Stepping ~*~*~tactically~*~*~ (outnumbered).
 16987 | D:13     | 16987 ||| Stepping ~*~*~tactically~*~*~ (outnumbered).
 16989 | D:13     | 16989 ||| Stepping ~*~*~tactically~*~*~ (outnumbered).
 16991 | D:13     | 16991 ||| Stepping ~*~*~tactically~*~*~ (outnumbered).
 17286 | D:13     | 17286 ||| DROPPING +5 robe of Beauty {Str-2 Int+2 Stlth+}.
 17301 | D:14     | Found a frozen archway.
 17303 | D:14     | 17303 ||| Stepping ~*~*~tactically~*~*~ (hiding).
 17379 | D:14     | HP: 28/143 [11-headed hydra (9)]
 17379 | D:14     | HP: 8/143 [11-headed hydra (13)]
 17379 | D:14     | HP: 3/143 [11-headed hydra (5)]
 17379 | D:14     | HP: 1/143 [11-headed hydra (2)]
 17379 | D:14     | Mangled by an 11-headed hydra

Levels and vault maps discovered:
D:1:      dpeg_arrival_lava_altar, layout_basic,
          dilly_ecumenical_altar_fadedgnrine, minmay_tromino_i4
D:2:      layout_basic
D:3:      layout_loops_ring, mainiacjoe_overflow_concentric_impassable
D:4:      layout_basic, led_sif_book, chequers_serial_rivers_small_3
D:5:      layout_rooms, lemuel_crystal_altar, uniq_ijyb
D:6:      layout_basic, nicolae_kikubaaqudgha_miasma_corner,
          minmay_temple_entry_from_below_a
D:7:      layout_loops_ring, minmay_overflow_temple_star_quad
D:8:      layout_basic, old_standard_altar
D:9:      layout_irregular_city
D:10:     layout_irregular_city, mainiacjoe_overflow_small_starburst,
          dpeg_lair_monsters, orc_0_dummy, uniq_harold
D:11:     layout_loops_corners, lemuel_nasty_fountain
D:12:     layout_irregular_city, nzn_wu_jian_council_hall
D:13:     layout_basic, grunt_vaults_entry_tiered, gammafunk_ghost_split,
          serial_bayou_crossing
D:14:     layout_loops_ring, portal_ice_cave_entry_pillars_2,
          minmay_misc_feat_plants, nicolae_elemental_shop,
          eino_small_chamber_without_monster
Lair:1:   layout_concentric_octagons, grunt_megastairs_2, uniq_fannar,
          uniq_gastronok
Lair:2:   layout_roguey, minmay_snake_entry_guardpost_large,
          hellmonk_ghost_happy_afterlife, hellmonk_guarded_unrand_zhor,
          uniq_maggie
Lair:3:   layout_misc_corridors, elwin_shoals_entry_stream, grunt_megastairs_3
Lair:4:   layout_regular_city, minmay_slime_entry_jelly_boxes,
          serial_bayou_pond_b, serial_bayou_shore_b, uniq_urug
Lair:5:   minmay_lair_end_enchanted_forest, layout_concentric_octagons

Skill      XL: |  1  2  3  4  5  6  7  8  9 10 11 12 13 14 |
---------------+-------------------------------------------+-----
Unarmed Combat | 4 5 6 8 10 13 15 16 18 20 21 | 21.2
Fighting       | 3 4 5 6 7 8 9 10 | 10.0
Dodging        | 1 2 3 4 |  4.1
Throwing       | 1 3 4 5 8 |  8.9
Armour         | 1 |  1.2
Spellcasting   | |  1.0
Fire Magic     | |  2.1

Action                   |  1- 3 |  4- 6 |  7- 9 | 10-12 | 13-15 || total
-------------------------+-------+-------+-------+-------+-------++-------
Melee: Unarmed           |    84 |    97 |   195 |   380 |   626 ||  1382
       Punch             |     1 |     2 |     8 |    30 |    66 ||   107
Throw: Boomerang         |       |       |    32 |    21 |     6 ||    59
       Javelin           |       |       |       |    17 |    80 ||    97
       Large rock        |       |       |       |       |    14 ||    14
Invok: Fiery Armour      |       |     4 |     3 |     5 |       ||    12
  Use: Scroll            |     6 |     7 |     6 |     3 |     2 ||    24
       Potion            |     1 |     4 |     5 |     2 |       ||    12
 Stab: Petrified         |       |       |       |       |     5 ||     5
       Petrifying        |       |       |       |       |     1 ||     1
Armor: Robe              |    21 |    32 |    48 |    63 |       ||   164
       Animal skin       |       |       |       |    54 |   172 ||   226
Dodge: Dodged            |    19 |    26 |    61 |   184 |   226 ||   516

Table legend:
 A = Non-vault XP
 B = Vault XP
 C = Vault XP percentage of total XP
 D = Non-vault monster count
 E = Vault monster count
 F = Vault count percentage of total count
                 A         B        C        D         E       F
            +---------+---------+-------+---------+---------+-------
      Total |   68721 |   29906 |  30.3 |     353 |     121 |  25.5
            +---------+---------+-------+---------+---------+-------
        D:1 |      37 |       4 |   9.8 |      22 |       2 |   8.3
        D:2 |      60 |       0 |   0.0 |      13 |       0 |   0.0
        D:3 |      60 |       0 |   0.0 |      15 |       0 |   0.0
        D:4 |     253 |       0 |   0.0 |      19 |       0 |   0.0
        D:5 |     667 |      38 |   5.4 |      19 |       1 |   5.0
        D:6 |     624 |       0 |   0.0 |      16 |       0 |   0.0
        D:7 |     820 |       0 |   0.0 |      12 |       0 |   0.0
        D:8 |     655 |       0 |   0.0 |      17 |       0 |   0.0
        D:9 |     871 |       0 |   0.0 |       8 |       0 |   0.0
       D:10 |    3536 |    3309 |  48.3 |      22 |       6 |  21.4
       D:11 |    4087 |       0 |   0.0 |      11 |       0 |   0.0
       D:12 |    4718 |       0 |   0.0 |      20 |       0 |   0.0
       D:13 |    6160 |    7187 |  53.8 |      17 |      25 |  59.5
       D:14 |    3861 |       0 |   0.0 |       8 |       0 |   0.0
     Lair:1 |    4437 |    2842 |  39.0 |      21 |       6 |  22.2
     Lair:2 |    3890 |    4302 |  52.5 |      15 |      16 |  51.6
     Lair:3 |    7278 |    1566 |  17.7 |      25 |       5 |  16.7
     Lair:4 |    9102 |    2205 |  19.5 |      29 |      15 |  34.1
     Lair:5 |   17605 |    8453 |  32.4 |      44 |      45 |  50.6
            +---------+---------+-------+---------+---------+-------
